 Dungeon Crawl Stone Soup version 0.28-a0-1382-g92835e5c71 (webtiles) character file.

Game seed: 15476723148522644623

12170 ReploidZero the Unseen (level 12, -3/72 HPs)
             Began as a Kobold Brigand on Jan 2, 2022.
             Was a Follower of Uskayaw.
             Slain by a hell hog (13 damage)
             ... in a Gauntlet.
             The game lasted 00:58:38 (18096 turns).

ReploidZero the Unseen (Kobold Brigand)            Turns: 18096, Time: 00:58:39

Health: -3/72      AC:  9    Str:  8    XL:     12   Next: 16%
Magic:  18/21      EV: 19    Int: 15    God:    Uskayaw [*.....]
Gold:   376        SH:  0    Dex: 19    Spells: 17/23 levels left

rFire   . . .      SeeInvis .   B - +3 dagger (elec)
rCold   + . .      Faith    .   (no shield)
rNeg    . . .      Spirit   .   b - +0 robe
rPois   +          Reflect  .   G - +0 helmet
rElec   .          Harm     .   p - +0 cloak {rPois}
rCorr   .          Rampage  .   L - +0 pair of gloves
Will    .....      NoTele   +   (no boots)
Stlth   +++++++...              (no amulet)
HPRegen 0.22/turn               k - +4 ring of protection
MPRegen 0.17/turn               f - ring of protection from cold

@: confusing by touch
A: small, no large weapons, nightstalker 3
a: Renounce Religion, Stomp


You were in a Gauntlet.
You worshipped Uskayaw.
Uskayaw was noncommittal.
You visited 3 branches of the dungeon, and saw 13 of its levels.
You also visited: Sewer and Gauntlet.

You collected 599 gold pieces.
You spent 223 gold pieces at shops.

Inventory:

Hand Weapons
 B - a +3 dagger of electrocution (weapon)
Missiles
 d - 45 poisoned darts (quivered)
Armour
 b - a +0 robe (worn)
 o - a scarf of repulsion
 p - a +0 cloak of poison resistance (worn)
 G - a +0 helmet (worn)
 L - a +0 pair of gloves (worn)
 Q - a +0 cloak of preservation
 R - the +2 helmet of the Pleiades {rCorr}
   (You found it in a Gauntlet)

   rCorr:     It protects you from acid and corrosion.
Jewellery
 e - a ring of ice
 f - a ring of protection from cold (right hand)
 g - a +6 ring of strength
 k - a +4 ring of protection (left hand)
 n - a ring of positive energy
 r - the ring of Kecha {rPois Dex+6}
   (You found it on level 7 of the Dungeon)

   [ring of dexterity]

   Dex:       It affects your dexterity (+6).
   rPois:     It protects you from poison.
 w - an amulet of faith
 J - a ring of poison resistance
 M - the amulet "Cirat" {rPois Regen+ Str-3 Int+4 Stlth+}
   (You took it off an orc warrior on level 10 of the Dungeon)

   [amulet of regeneration]

   Str:       It affects your strength (-3).
   Int:       It affects your intelligence (+4).
   rPois:     It protects you from poison.
   Regen:     It increases your rate of health regeneration.
   Stlth:     It makes you more stealthy.
 O - a +6 ring of dexterity
Wands
 l - a wand of flame (4)
 m - a wand of mindburst (10)
 x - a wand of digging (6)
 z - a wand of paralysis (6)
 N - a wand of acid (6)
Scrolls
 j - a scroll of silence {unknown}
 q - a scroll of enchant armour
 s - 2 scrolls of magic mapping
 t - a scroll of blinking
 y - 3 scrolls of teleportation
 C - a scroll of fear {unknown}
 F - a scroll of amnesia
 I - a scroll of brand weapon {unknown}
 K - a scroll of noise {unknown}
 P - a scroll of vulnerability {unknown}
Potions
 a - 3 potions of might
 c - 5 potions of attraction
 h - 7 potions of flight
 u - a potion of resistance {unknown}
 v - 3 potions of magic
 A - a potion of cancellation
 D - 2 potions of lignification {unknown}
 E - 3 potions of haste {unknown}
 H - a potion of mutation {unknown}


   Skills:
 + Level 7.2 Fighting
 + Level 8.6 Short Blades
 - Level 2.1 Throwing
 + Level 7.5 Dodging
 - Level 15.0 Stealth
 - Level 6.4 Spellcasting
 - Level 7.2 Hexes
 - Level 4.1 Translocations
 * Level 3.6 Invocations


You had 17 spell levels left.
You knew the following spells:

 Your Spells              Type           Power      Damage    Failure   Level
a - Blink                 Tloc           34%        N/A       3%          2
b - Confusing Touch       Hex            26%        N/A       2%          3
c - Slow                  Hex            100%       N/A       1%          1

Your spell library contained the following spells:

 Spells                   Type           Power      Damage    Failure   Level
 Lesser Beckoning         Tloc           17%        N/A       8%          3
 Ignite Poison            Fire/Tmut/Pois 4%         N/A       38%         3
 Mephitic Cloud           Conj/Pois/Air  4%         N/A       38%         3
 Vampiric Draining        Necr           4%         2d6       38%         3
 Manifold Assault         Tloc           17%        N/A       56%         5
 Yara's Violent Unravell  Hex/Tmut       7%         3d5       65%         5
 Animate Armour           Summ/Erth      8%         N/A       80%         4
 Blade Hands              Tmut           2%         N/A       98%         5
 Freezing Cloud           Conj/Ice/Air   2%         6-21      98%         5
 Enfeeble                 Hex            13%        N/A       99%         7
 Iron Shot                Conj/Erth      2%         9d2       100%        6


Dungeon Overview and Level Annotations

Branches:
Dungeon (11/15)            Temple (1/1) D:4            Lair (1/6) D:10
    Orc (0/2) D:11          Sewer (visited)         Gauntlet (1/1)

Altars:
Ashenzari
Cheibriados
Dithmenos
Elyvilon
Fedhas
Gozag
Hepliaklqana
Kikubaaqudgha
Makhleb
Nemelex Xobeh
Okawaru
Qazlal
Ru
Sif Muna
Trog
Uskayaw
Vehumet
Wu Jian
Xom
Yredelemnul
Zin
The Shining One

Shops:
D:4 *   D:6 !   D:8 ?

Annotations:
D:3 2 transporters, Ijyb
D:7 3 runed translucent doors
D:10 Fannar Gauntlet 7 transporters


Innate Abilities, Weirdness & Mutations

You are small and have problems with some larger weapons.
You are completely attuned to the shadows.


Message History

Okay, then.
Unknown command.
Casting: Confusing Touch (mildly dangerous; 2% risk of failure)
Confirm with . or Enter, or press ? or * to list all spells.
Okay, then.
Unknown command.
Unknown command.
Okay, then.
Unknown command.
The fire bat closely misses you. The fire bat completely misses you.
The fire bat closely misses you. The fire bat closely misses you.
The fire bat bites you but does no damage.
The fire bat misses you.
The hell hound stops to sniff the ground.
The fire bat bites you but does no damage.
The fire bat bites you.
* * * LOW HITPOINT WARNING * * *
You are engulfed in flames!
* * * LOW HITPOINT WARNING * * *
The fire bat barely misses you. x2
You feel better.
The fire bat bites you but does no damage. x2
You see here a bubbling orange potion.
Unknown command.
Aiming: Paralyse
Press: ? - help, Shift-Dir - straight line, f - hell hog
Aim: a hell hog (chance to affect: 31%)
Okay, then.
Unknown command.
Unknown command.
Okay, then.
Unknown command.
Okay, then.
Unknown command.
Casting: Confusing Touch (mildly dangerous; 2% risk of failure)
Confirm with . or Enter, or press ? or * to list all spells.
Your hands begin to glow red.
The hell hog bites you!
You die...

##§..#©≈≈ ≈.≈.#...#s.. .
#§...#.≈..≈..≈.#...#B.. B
##...#.≈...≈≈.W#...#### #
#≈...###########.....#. #
##......#.©.#........#. #
##.8...#.8.#...8....#. #
#§.....#.©.#.....##### #
##...#########...#s..? [
#≈...##.@©..##...##.## #
##...##h.###.#...##.##
#≈.§.#b##..#.#...#..#
##§8.#h#b©#.##.8.#^#.
#§§..##.##.h##...###.
##§..##.#.##.#...#.......
#≈...#.#b#..##...#s##.##.
##...#########...#B##.##.
#≈.......©.......########


You could see a hell hog, a hell hound and a fire bat.

Vanquished Creatures
  A hydra (D:11)
  Erolcha (D:10)
  3 two-headed ogres
  Nergalle (D:10)
  Pikel (D:6)
  An efreet (D:10)
  A kobold demonologist (D:10)
  2 trolls
  A hornet (D:10)
  A meliai zombie (D:10)
  A wraith (D:9)
  8 yaks
  2 vampire mosquitoes
  2 water moccasins
  3 ice beasts
  4 orc warriors
  A sky beast (D:7)
  3 black bears
  An ogre (D:4)
  2 wolves (D:10)
  A lemure (D:6)
  4 centaurs
  3 kobold brigands
  5 bullfrogs
  2 gnoll sergeants
  2 scorpions
  An electric eel (D:10)
  16 wights
  A bullfrog zombie (D:6)
  2 bullfrog skeletons
  5 hounds
  Crazy Yiuf (D:2)
  10 centaur zombies
  2 jellies
  A centaur skeleton (D:5)
  An orc priest (D:3)
  An iguana (D:5)
  Jessica (D:2)
  Terence (D:3)
  3 orc wizards
  A killer bee zombie (D:9)
  A howler monkey skeleton (D:6)
  7 adders
  13 gnolls
  2 white imps
  2 adder skeletons (D:4)
  3 worms
  13 dart slugs
  16 orcs
  7 ball pythons
  12 bats
  9 endoplasms
  2 giant cockroaches
  6 hobgoblins
  2 jackals
  A quokka (D:1)
  3 frilled lizards
  12 goblins
  25 kobolds
  9 rats
249 creatures vanquished.

Vanquished Creatures (others)
  2 fungi (D:2)
2 creatures vanquished.

Grand Total: 251 creatures vanquished

Notes
Turn   | Place    | Note
-------+----------+-------------------------------------------
     0 | D:1      | ReploidZero the Kobold Brigand began the quest for the Orb.
     0 | D:1      | Reached XP level 1. HP: 12/12 MP: 1/1
   378 | D:1      | Reached XP level 2. HP: 17/17 MP: 2/2
   523 | D:1      | Reached skill level 6 in Stealth
  1086 | D:1      | Reached XP level 3. HP: 21/21 MP: 3/3
  1386 | D:1      | Found a faded altar of an unknown god.
  1411 | D:2      | Reached skill level 7 in Stealth
  1709 | D:2      | Reached XP level 4. HP: 9/26 MP: 4/4
  2038 | D:2      | Noticed Jessica
  2042 | D:2      | Killed Jessica
  2043 | D:2      | Reached skill level 8 in Stealth
  2115 | D:2      | Reached XP level 5. HP: 30/30 MP: 5/5
  2783 | D:2      | Found a runed translucent door.
  2786 | D:2      | Noticed Crazy Yiuf
  3520 | D:3      | Reached skill level 9 in Stealth
  3583 | D:3      | Found a glowing drain.
  3679 | Sewer    | Entered a sewer
  3716 | Sewer    | Noticed a water moccasin
  3720 | Sewer    | Killed a water moccasin
  3721 | Sewer    | Reached skill level 10 in Stealth
  3721 | Sewer    | Reached XP level 6. HP: 35/35 MP: 6/6
  3961 | D:3      | Found a stormy altar of Qazlal.
  3985 | D:3      | Found a transporter.
  4388 | D:2      | Killed Crazy Yiuf
  4458 | D:2      | Learned a level 2 spell: Blink
  4480 | D:2      | Learned a level 3 spell: Confusing Touch
  4578 | D:3      | Noticed Ijyb
  4842 | D:3      | Identified the +11 fustibalus of the Rattlesnake {flame,
                  | rF+}
  4843 | D:3      | Found a transporter.
  4884 | D:3      | Found a shimmering blue altar of Sif Muna.
  4895 | D:3      | Reached XP level 7. HP: 25/40 MP: 7/7
  5020 | D:3      | Noticed Terence
  5040 | D:3      | Killed Terence
  5391 | D:4      | Reached skill level 11 in Stealth
  5399 | D:4      | Reached skill level 12 in Stealth
  5770 | D:4      | Reached XP level 8. HP: 45/45 MP: 8/8
  5806 | D:4      | Found a staircase to the Ecumenical Temple.
  5918 | D:4      | Found Tainankept's Assorted Antiques.
  5927 | D:4      | Bought a glowing sapphire potion for 19 gold pieces
  5927 | D:4      | Bought a scroll of identify for 44 gold pieces
  6353 | Temple   | Entered the Ecumenical Temple
  6667 | D:5      | Entered Level 5 of the Dungeon
  7159 | D:5      | Found a glowing silver altar of Zin.
  7171 | D:5      | Reached skill level 13 in Stealth
  7292 | D:5      | Learned a level 1 spell: Slow
  7323 | D:5      | Reached skill level 1 in Hexes
  7366 | D:5      | Reached skill level 1 in Spellcasting
  8168 | D:6      | Noticed Pikel
  8193 | D:6      | Killed Pikel
  8194 | D:6      | Reached XP level 9. HP: 17/49 MP: 9/15
  8410 | D:6      | Found a burning altar of Makhleb.
  8616 | D:6      | Found Neserum's Distillery.
  8730 | D:5      | Reached skill level 5 in Spellcasting
  8730 | D:5      | Reached skill level 5 in Hexes
  9177 | D:6      | Reached skill level 1 in Translocations
  9378 | D:7      | Found a runed translucent gate.
  9845 | D:7      | Identified the ring of Kecha {rPois Dex+6}
  9849 | D:7      | Found a runed translucent gate.
 10093 | D:7      | Found a runed translucent gate.
 10513 | D:8      | Reached XP level 10. HP: 34/56 MP: 9/17
 11257 | D:8      | Noticed a two-headed ogre
 11261 | D:8      | Killed a two-headed ogre
 11279 | D:8      | Found Miosiz's Magic Scroll Shop.
 11284 | D:8      | Bought a scroll of teleportation for 48 gold pieces
 11284 | D:8      | Bought a scroll of teleportation for 48 gold pieces
 11284 | D:8      | Bought a scroll of identify for 32 gold pieces
 11284 | D:8      | Bought a scroll of identify for 32 gold pieces
 11577 | D:8      | Found a shimmering altar of Xom.
 12267 | D:9      | Noticed a two-headed ogre
 12478 | D:9      | Found a white marble altar of Elyvilon.
 12618 | D:9      | Killed a two-headed ogre
 12619 | D:9      | Reached skill level 5 in Short Blades
 13169 | D:10     | Entered Level 10 of the Dungeon
 13199 | D:10     | Noticed Erolcha
 13203 | D:10     | Killed Erolcha
 13204 | D:10     | Reached skill level 14 in Stealth
 13204 | D:10     | Reached XP level 11. HP: 62/62 MP: 20/20
 13351 | D:10     | Reached skill level 5 in Fighting
 13351 | D:10     | Reached skill level 5 in Dodging
 14193 | D:10     | Noticed Fannar
 14275 | D:10     | Found a staircase to the Lair.
 14665 | D:10     | Noticed Nergalle
 14667 | D:10     | Killed Nergalle
 15448 | D:10     | Identified the amulet "Cirat" {rPois Regen+ Str-3 Int+4
                  | Stlth+}
 15466 | D:10     | Reached skill level 15 in Stealth
 15745 | D:10     | Noticed a two-headed ogre
 15754 | D:10     | Killed a two-headed ogre
 16426 | Temple   | Became a worshipper of Uskayaw the Reveller
 16646 | D:10     | Reached * piety under Uskayaw
 16962 | D:10     | Reached ** piety under Uskayaw
 16967 | D:10     | Reached skill level 1 in Invocations
 17156 | D:11     | Noticed a six-headed hydra
 17160 | D:11     | Killed a six-headed hydra
 17161 | D:11     | Reached XP level 12. HP: 72/72 MP: 21/21
 17452 | D:11     | Found a staircase to the Orcish Mines.
 17479 | Lair:1   | Entered Level 1 of the Lair of Beasts
 17522 | Lair:1   | Reached *** piety under Uskayaw
 17531 | Lair:1   | Reached **** piety under Uskayaw
 17722 | Lair:1   | Found a gate leading to a gauntlet.
 17760 | Gauntlet | Entered a Gauntlet
 17760 | Gauntlet | Found a transporter.
 17766 | Gauntlet | Found a transporter.
 17772 | Gauntlet | Noticed a catoblepas
 17781 | Gauntlet | Noticed an entropy weaver
 17789 | Gauntlet | Noticed a ghost crab
 17796 | Gauntlet | Found a transporter.
 17852 | Gauntlet | Noticed an entropy weaver
 17859 | Gauntlet | Found a transporter.
 17862 | Gauntlet | Noticed a hell hog
 17887 | Gauntlet | Found a transporter.
 17953 | Gauntlet | Found a transporter.
 18051 | Gauntlet | Found a transporter.
 18051 | Gauntlet | Found a transporter.
 18079 | Gauntlet | Identified the +2 helmet of the Pleiades {rCorr}
 18080 | Gauntlet | HP: 1/72 [hell hog/fireball (30)]
 18089 | Gauntlet | HP: 1/72 [fire bat (7)]
 18096 | Gauntlet | Slain by a hell hog

Illustrated notes

Levels and vault maps discovered:
D:1:      dpeg_arrival_boxes_within_box, layout_basic,
          hellmonk_ecumenical_altar_prayer_group, hangedman_decor_points,
          hangedman_decor_growths
D:2:      layout_loops_corners, uniq_crazy_yiuf_cottage, uniq_jessica
D:3:      kennysheep_slugbush, layout_basic, nicolae_qazlal_general_emergency,
          gammafunk_temple_overflow_arena, gup_sewer_entry_bubbles, st_stairs_3,
          minmay_between, uniq_terence, uniq_ijyb
D:4:      layout_basic, minmay_temple_entry_offerings, serial_shops,
          nicolae_shop_crystal, chequers_arboretum
D:5:      layout_basic, zin_academy, hex_intersection
D:6:      layout_rooms, makhleb_heckhound_becter, serial_shops, shop,
          minmay_statues_item, minmay_misc_feat_four_crosses,
          minmay_crystal_room, uniq_pikel
D:7:      layout_cave_pools, gammafunk_ghost_necromancy
D:8:      layout_cave_pods, overflow_temple_1_default, serial_shops,
          nicolae_shop_temple_entry_statues_fountains, due_unseen_surprise
D:9:      layout_roguey, nicolae_overflow_crystal_walls
D:10:     minmay_octagon_keep, layout_basic, erik_lair_island, uniq_erolcha,
          uniq_nergalle, uniq_fannar
D:11:     layout_irregular_city, david_orc_2, nrook_mini_backslash
Temple:   nicolae_temple_elliptical
Lair:1:   layout_regular_city, gauntlet_entry_generic, minivault_23,
          grunt_megastairs_1, infiniplex_staircase_pool
Gauntlet: minmay_gauntlet_mixed_oops_all_seconds [minmay_gauntlet_arena_77_box,
          gammafunk_gauntlet_arena_crates, minmay_gauntlet_arena_77_mess,
          gammafunk_gauntlet_arena_teeth,
          minmay_gauntlet_arena_77_chump_sandwich,
          nicolae_gauntlet_arena_flowing_pool, gauntlet_exit_hidden_loot]

Skill      XL: |  1  2  3  4  5  6  7  8  9 10 11 12 |
---------------+-------------------------------------+-----
Stealth        | 6 7 8 10 12 13 14 15 | 15.0
Short Blades   | 3 5 8 |  8.6
Hexes          | 4 6 7 |  7.2
Spellcasting   | 4 5 6 |  6.4
Translocations | 3 4 |  4.1
Dodging        | 2 4 7 |  7.5
Fighting       | 3 4 7 |  7.2
Invocations    | 2 3 |  3.6
Throwing       | |  2.1

Action                   |  1- 3 |  4- 6 |  7- 9 | 10-12 || total
-------------------------+-------+-------+-------+-------++-------
Melee: Dagger            |    85 |   199 |   342 |   353 ||   979
Throw: Dart              |     9 |    22 |     7 |     1 ||    39
 Cast: Confusing Touch   |       |       |    18 |    53 ||    71
       Blink             |       |       |     3 |     1 ||     4
       Slow              |       |       |     1 |       ||     1
Invok: Line Pass         |       |       |       |     1 ||     1
Evoke: Wand              |       |     1 |     1 |     2 ||     4
  Use: Scroll            |       |     7 |     6 |     6 ||    19
       Potion            |       |     1 |     4 |     8 ||    13
 Stab: Sleeping          |    14 |    28 |    35 |    21 ||    98
       Distracted        |       |     1 |     1 |     2 ||     4
       Confused          |       |       |    14 |    40 ||    54
Armor: Robe              |    21 |    32 |    82 |    98 ||   233
Dodge: Dodged            |    53 |   114 |   203 |   289 ||   659
       Repelled          |       |     3 |       |       ||     3

Table legend: (Time is in decaauts)
 A = Elapsed time spent in this place.
 B = Non-inter-level travel time spent in this place.
 C = Inter-level travel time spent in this place.
 D = Time resting spent in this place.
 E = Time spent auto-exploring this place.
 F = Levels seen in this place.
 G = Mean time per level.
                   A        B        C        D        E       F      G
               +--------+--------+--------+--------+--------+-----+--------+
         Total |  18005 |  16832 |   1173 |     86 |  13516 |  15 | 1200.3 |
       Dungeon |  16932 |  15860 |   1072 |     86 |  12868 |  11 | 1539.3 |
        Temple |    347 |    247 |    100 |      0 |    199 |   1 |  347.0 |
          Lair |    272 |    272 |      0 |      0 |    219 |   1 |  272.0 |
         Sewer |    118 |    118 |      0 |      0 |     47 |   1 |  118.0 |
      Gauntlet |    334 |    334 |      0 |      0 |    183 |   1 |  334.0 |
               +--------+--------+--------+--------+--------+-----+--------+

Top non-repeatable levels by time:
     D:9: 2463 daAuts
     D:2: 2152 daAuts
    D:10: 1942 daAuts
     D:5: 1878 daAuts
     D:3: 1800 daAuts
     D:8: 1612 daAuts
     D:1: 1389 daAuts
     D:7: 1175 daAuts
     D:4: 1023 daAuts
     D:6: 1008 daAuts
    D:11: 485 daAuts
  Temple: 347 daAuts
Gauntlet: 334 daAuts
  Lair:1: 272 daAuts
   Sewer: 118 daAuts
